 Dungeon Crawl Stone Soup version 0.30-a0-140-gd1020e658a (webtiles) character file.

Game seed: 15004535546919676288

60 Bnni the Trooper (level 3, 0/29 HPs)
             Began as a Demonspawn Fighter on Sept 24, 2022.
             Succumbed to an adder's poison
             ... on level 2 of the Dungeon.
             The game lasted 00:02:28 (1432 turns).

Bnni the Trooper (Demonspawn Fighter)               Turns: 1432, Time: 00:02:29

Health: 0/29       AC:  8    Str: 18    XL:     3   Next: 80%
Magic:  3/3        EV:  6    Int: 15    God:
Gold:   89         SH:  4    Dex: 12    Spells: 2/2 levels left

rFire   . . .      SeeInvis .    a - +0 trident
rCold   . . .      Faith    .    m - +0 buckler
rNeg    . . .      Spirit   .    c - +0 chain mail
rPois   .          Reflect  .    (no helmet)
rElec   .          Harm     .    (no cloak)
rCorr   .          Rampage  .    (no gloves)
Will    .....                    (no boots)
Stlth   ..........               (no amulet)
HPRegen 0.09/turn                f - +6 ring of intelligence
MPRegen 0.08/turn                (no ring)

@: mighty, lethally poisoned (0 -> -3), attractive
A: ignite blood 1
a: no special abilities


You were on level 2 of the Dungeon.
You visited 1 branch of the dungeon, and saw 2 of its levels.

You collected 89 gold pieces.

Inventory:

Hand Weapons
 a - a +0 trident (weapon)
Armour
 c - a +0 chain mail (worn)
 e - a +2 robe of the Archmagi
 m - a +0 buckler (worn)
 o - a +2 leather armour of poison resistance
Jewellery
 f - a +6 ring of intelligence (left hand)
Scrolls
 b - a scroll of silence {unknown}
 h - a scroll of enchant armour {unknown}
 k - 3 scrolls of identify {unknown}
 l - a scroll of fear {unknown}
 n - a scroll of amnesia {unknown}
Potions
 d - a potion of might
 g - a potion of curing {unknown}
 i - a potion of magic {unknown}
 j - 2 potions of attraction


   Skills:
 + Level 3.6 Fighting
 * Level 3.3 Polearms
 - Level 2.6 Armour
 - Level 2.6 Shields


You had 2 spell levels left.
You didn't know any spells.
Your spell library contained the following spells:

 Spells                   Type           Power      Damage    Failure   Level
 Ensorcelled Hibernation  Hex/Ice        0%         N/A       100%        2
 Passwall                 Tmut/Erth      0%         N/A       100%        2
 Swiftness                Air            0%         N/A       100%        3


Dungeon Overview and Level Annotations

Branches:
Dungeon (2/15)

Altars:

Annotations:
D:2 Terence


Innate Abilities, Weirdness & Mutations

Your demonic aura sometimes causes spilled blood to erupt in flames.


Message History

The hobgoblin hits you but does no damage.
You puncture the hobgoblin!
You kill the hobgoblin!
You block the bat's attack. The adder bites you but does no damage.
The adder completely misses you.
A kobold comes into view. It is wielding a +0 dagger.
You block Terence's attack. Terence attacks as you move away!
Terence hits you with a +0 flail. The adder barely misses you.
The bat barely misses you. The bat hits you but does no damage.
The adder bites you but does no damage. The adder attacks as you move away!
You block the adder's attack. The bat attacks as you move away!
The bat closely misses you. The bat hits you but does no damage.
The adder bites you. The bat closely misses you.
The adder attacks as you move away! The adder barely misses you.
The bat hits you but does no damage. The bat barely misses you.
The adder bites you.
You miss the adder. The adder bites you.
* * * LOW HITPOINT WARNING * * *
The adder attacks as you move away! You block the adder's attack.
The adder bites you but does no damage.
You hit the adder.
The adder is lightly wounded.
The adder bites you but does no damage.
You feel very mighty all of a sudden. The adder bites you.
* * * LOW HITPOINT WARNING * * *
You are lethally poisoned!
The adder poisons you! The adder bites you.
* * * LOW HITPOINT WARNING * * *
You barely miss the adder.
The adder is lightly wounded.
* * * LOW HITPOINT WARNING * * *
You feel sick.
Terence screams, "I'm going to kill you!"
The adder bites you but does no damage.
It was a potion of attraction.
You feel attractive to monsters.
You die...

.# #.### #...#
#.#.# #.#.#
####.#.#######
#.....)......#
#.#..(..##.#.#
#.##....#.......
#. #@###.#.#####
# #. #S###.#.#
.#.#<##b#...#.#
.......@KK....#
..............#
..............#
.....##.......#
..###
###.....##### .
#...<......


You could see Terence, an adder, a bat and a kobold.

Vanquished Creatures
  An adder (D:2)
  2 dart slugs
  An orc (D:2)
  5 endoplasms
  3 giant cockroaches
  3 goblins
  5 hobgoblins
  3 jackals (D:2)
  4 ball pythons
  A bat (D:1)
  2 frilled lizards
  3 kobolds
  11 rats
44 creatures vanquished.

Notes
Turn   | Place    | Note
-------+----------+-------------------------------------------
     0 | D:1      | Bnni the Demonspawn Fighter began the quest for the Orb.
     0 | D:1      | Reached XP level 1. HP: 18/18 MP: 1/1
   253 | D:1      | Gained mutation: Your demonic aura sometimes causes spilled
                  | blood to erupt in flames. [demonic ancestry]
   253 | D:1      | Reached XP level 2. HP: 24/24 MP: 2/2
  1041 | D:2      | Reached XP level 3. HP: 29/29 MP: 3/3
  1410 | D:2      | Noticed Terence
  1431 | D:2      | HP: 1/29 [poisoned by an adder]
  1432 | D:2      | Succumbed to an adder's poison

Illustrated notes

Levels and vault maps discovered:
D:1:      minmay_arrival_up_and_down, layout_loops_ring, palyth_stone_intersect,
          minmay_tetromino_t4
D:2:      layout_loops_ring, serial_shops, nicolae_shop_crystal, uniq_terence

Skill      XL: |  1  2  3 |
---------------+----------+-----
Polearms       | 2 3 |  3.3
Fighting       | |  3.6
Armour         | |  2.6
Shields        | |  2.6

Action                   || total
-------------------------++-------
Melee: Trident           ||   122
  Use: Potion            ||     2
Armor: Scale mail        ||    12
       Chain mail        ||    46
Dodge: Dodged            ||    30
Block: Buckler           ||    27

Table legend: (Time is in decaauts)
 A = Elapsed time spent in this place.
 B = Non-inter-level travel time spent in this place.
 C = Inter-level travel time spent in this place.
 D = Time resting spent in this place.
 E = Time spent auto-exploring this place.
 F = Levels seen in this place.
 G = Mean time per level.
                   A        B        C        D        E       F      G
               +--------+--------+--------+--------+--------+-----+--------+
         Total |   1457 |   1426 |     31 |      0 |   1127 |   2 |  728.5 |
       Dungeon |   1457 |   1426 |     31 |      0 |   1127 |   2 |  728.5 |
               +--------+--------+--------+--------+--------+-----+--------+

Top non-repeatable levels by time:
     D:1: 945 daAuts
     D:2: 512 daAuts
